Map: Catalyst LE

Players

SpeCial - Winner!

  • Race: Terran Terran
  • Spawn Location: 11:00

NightEnD

  • Race: Protoss Protoss
  • Spawn Location: 5:00

Event: WESG 2017 Haikou

VOD

Have the link to the VOD?

Description

Time

  • Played on: March 13, 2018, 12:32 a.m.
  • Length: 11:50

All games in this series

Show
View Real Time Build Order
Export as new Build Order

SpeCial Terran - Winner!

Build Orders: Cyclone Opening, Gas First Reaper Expand, Reaper Expand, MMM Bio 

Get SALT Encoding   

  12  0:00  SCV  
  13  0:13  SCV  
  14  0:18  Supply Depot  
  14  0:25  SCV  
  15  0:29  Refinery  
  15  0:39  SCV  
  16  0:45  Barracks  
  16  0:51  SCV  
  17  1:03  SCV  
  18  1:16  SCV  
  19  1:32  Reaper  
  20  1:33  Orbital Command  
  20  1:45  Command Center  
  20  1:57  Factory  
  20  2:00  SCV  
  21  2:07  Refinery  
  21  2:09  Barracks Reactor  
  21  2:12  SCV  
  22  2:18  Supply Depot  
  22  2:24  SCV  
  23  2:40  SCV  
  24  2:49  Cyclone  
  27  2:52  SCV  
  27  2:56  Cyclone  
  26  2:58  Orbital Command  
  31  3:04  SCV  
  32  3:17  SCV  
  32  3:18  Starport  
  33  3:21  Hellion  
  33  3:24  SCV  
  33  3:26  Barracks Tech Lab  
  36  3:29  SCV, Hellion  
  36  3:34  Supply Depot  
  39  3:36  SCV  
  40  3:41  SCV  
  41  3:48  SCV  
  41  3:54  SCV  
  43  4:01  SCV  
  44  4:02  Marine  
  44  4:03  Marine  
  44  4:05  Siege Tank  
  44  4:06  SCV  
  50  4:11  Starport Tech Lab  
  50  4:13  SCV  
  49  4:18  SCV  
  49  4:20  Marine x2  
  52  4:25  SCV  
  52  4:30  SCV, Bunker  
  52  4:31  Supply Depot  
  53  4:34  Raven  
  53  4:37  SCV  
  54  4:41  Command Center  
  54  4:52  SCV x2, Siege Tank, Marine x2  
  61  4:55  Supply Depot  
  61  5:04  SCV  
  62  5:16  SCV, Marine x2  
  62  5:18  Supply Depot  
  62  5:20  SCV  
  62  5:21  Barracks x2  
  66  5:25  Refinery  
  68  5:28  SCV  
  68  5:29  Refinery  
  68  5:36  Starport Reactor  
  68  5:38  SCV  
  68  5:40  SCV  
  68  5:41  Engineering Bay  
  68  5:43  Engineering Bay  
  68  5:46  Marine  
  68  5:47  Stimpack  
  69  5:50  SCV  
  69  5:52  SCV, Factory Reactor  
  69  5:54  Orbital Command  
  71  5:58  Barracks x2  
  71  6:02  SCV  
  72  6:04  Marine  
  72  6:05  SCV  
  74  6:11  Terran Infantry Weapons Level 1, Terran Infantry Armor Level 1  
  74  6:13  Missile Turret  
  74  6:14  SCV, Supply Depot  
  74  6:17  SCV  
  76  6:19  Combat Shields, Marine  
  76  6:22  Marine  
  76  6:23  Marine x2, Medivac  
  81  6:33  SCV  
  81  6:34  SCV, Supply Depot  
  81  6:38  Marauder  
  85  6:40  Marauder, Marine x2  
  85  6:45  Medivac  
  85  6:46  SCV x2  
  93  6:48  Orbital Command  
  93  6:49  Supply Depot  
  93  6:50  Supply Depot  
  93  6:55  Barracks Tech Lab  
  93  6:56  Widow Mine x2  
  93  6:57  Barracks Reactor  
  93  6:58  SCV x2, Marine x2  
  101  7:09  Medivac  
  101  7:10  SCV x2  
  105  7:16  SCV, Marine  
  105  7:18  Widow Mine x2  
  105  7:20  Medivac  
  105  7:22  SCV, Armory  
  114  7:24  Marine  
  114  7:27  SCV  
  114  7:28  SCV  
  117  7:34  Missile Turret  
  118  7:37  SCV  
  118  7:39  Marine x3, Widow Mine x2  
  125  7:44  Marine  
  125  7:46  SCV x2  
  125  7:48  Supply Depot  
  125  7:49  SCV, Concussive Shells, Supply Depot  
  129  7:54  Marauder  
  129  7:55  Marauder  
  133  7:59  Marine  
  133  8:05  Marine  
  133  8:07  Marine x2  
  133  8:08  SCV, Marauder  
  126  8:13  Orbital Command, Widow Mine  
  126  8:14  Liberator  
  126  8:15  Marine  
  115  8:23  Marauder, Marine x2  
  115  8:25  Marine x2  
  115  8:27  Terran Infantry Armor Level 2, Terran Infantry Weapons Level 2  
  117  8:28  SCV x2  
  117  8:30  Marauder, Widow Mine  
  126  8:35  Widow Mine  
  124  8:43  Supply Depot  
  124  8:44  SCV x2  
  124  8:45  Marine x2  
  124  8:46  Marauder, Marine  
  124  8:47  Missile Turret  
  128  8:53  Marine  
  128  8:54  Marauder  
  127  8:58  Orbital Command, Medivac  
  127  8:59  Widow Mine  
  124  9:05  Marine x2  
  124  9:06  Marauder, Marine  
  127  9:10  SCV x2  
  127  9:11  Marauder  
  131  9:19  Marauder, Marine  
  131  9:22  SCV  
  131  9:23  Widow Mine  
  137  9:25  Widow Mine  
  138  9:33  Marine  
  138  9:34  Marauder  
  141  9:39  Supply Depot  
  141  9:43  Supply Depot  
  141  9:49  SCV  
  141  9:51  SCV  
  141  9:59  Marine x2  
  141  10:00  Marine  
  141  10:01  SCV x2  
  141  10:02  Widow Mine x2  
  141  10:03  SCV  
  140  10:08  Medivac x2  
  142  10:14  Marauder, Marine x3  
  142  10:17  Supply Depot x2  
  142  10:18  Supply Depot  
  134  10:23  Widow Mine x2  
  134  10:25  Marine x3  
  135  10:32  Marauder  
  135  10:35  Marine  
  135  10:36  Marauder  
  135  10:38  Medivac x2  
  135  10:40  SCV  
  133  10:43  Marauder, Marine x2  
  133  10:45  Widow Mine x2  
  133  10:47  Barracks  
  133  10:48  Barracks  
  135  11:03  Refinery x2, Marauder, Marine  
  138  11:04  Marine x2, Supply Depot  
  138  11:05  Marauder, Marine  
  138  11:06  Widow Mine x2  
  138  11:08  Medivac x2  
  149  11:13  Marauder  
  141  11:21  Marine  
  141  11:22  Marine  
  141  11:25  Marauder, Marine x2  
  136  11:26  Marauder  
  136  11:27  Widow Mine x2  
  143  11:44  Barracks Tech Lab, Barracks Reactor  
Show
View Real Time Build Order
Export as new Build Order

NightEnD Protoss 

Build Orders: 1 Gate Expand, Blink Stalkers 

Get SALT Encoding   

  12  0:01  Probe  
  13  0:13  Probe  
  14  0:20  Pylon  
  14  0:25  Probe  
  15  0:38  Probe  
  15  0:41  Gateway  
  16  0:47  Assimilator  
  16  0:50  Probe (Chrono Boost)  
  17  1:02  Probe (Chrono Boost)  
  18  1:11  Probe (Chrono Boost)  
  19  1:16  Probe  
  20  1:28  Nexus  
  20  1:37  Cybernetics Core  
  20  1:41  Probe  
  21  1:47  Assimilator  
  21  1:53  Probe  
  22  1:57  Pylon  
  22  2:05  Probe (Chrono Boost)  
  23  2:13  Stalker (Chrono Boost)  
  23  2:15  Warp Gate  
  25  2:18  Probe (Chrono Boost)  
  26  2:26  Probe (Chrono Boost)  
  27  2:33  Twilight Council  
  28  2:37  Probe (Chrono Boost)  
  28  2:41  Probe (Chrono Boost)  
  29  2:50  Probe (Chrono Boost)  
  31  2:51  Probe (Chrono Boost)  
  31  2:55  Probe (Chrono Boost)  
  32  2:59  Probe  
  32  3:04  Stalker, Blink (Chrono Boost)  
  35  3:15  Gateway  
  35  3:17  Gateway  
  35  3:23  Shield Battery  
  35  3:31  Robotics Facility  
  35  3:33  Probe  
  36  3:35  Probe  
  37  3:46  Stalker, Probe  
  37  3:48  Pylon  
  40  3:52  Probe  
  41  3:58  Probe  
  42  4:04  Probe  
  43  4:13  Probe  
  40  4:18  Stalker x2  
  40  4:21  Probe  
  43  4:25  Probe  
  43  4:31  Observer  
  45  4:32  Pylon  
  45  4:33  Probe  
  47  4:39  Probe (Chrono Boost)  
  47  4:42  Nexus  
  47  4:43  Pylon  
  47  4:46  Probe (Chrono Boost)  
  47  4:50  Assimilator  
  47  4:52  Assimilator  
  49  4:54  Observer  
  49  4:56  Probe x2 (Chrono Boost)  
  49  4:59  Pylon  
  51  5:01  Probe (Chrono Boost)  
  51  5:02  Probe (Chrono Boost)  
  51  5:04  Charge  
  53  5:07  Stalker  
  53  5:12  Probe  
  57  5:14  Probe  
  57  5:17  Forge  
  57  5:23  Stalker  
  57  5:24  Probe  
  57  5:26  Probe  
  60  5:36  Probe  
  60  5:38  Probe  
  60  5:39  Protoss Ground Armor Level 1 (Chrono Boost)  
  62  5:45  Gateway  
  62  5:48  Probe, Gateway  
  62  5:49  Gateway  
  63  5:50  Gateway  
  63  5:54  Probe  
  64  6:00  Sentry x3  
  64  6:01  Probe x2  
  71  6:09  Pylon  
  71  6:10  Immortal (Chrono Boost)  
  75  6:20  Pylon  
  75  6:24  Zealot x2  
  75  6:25  Zealot  
  81  6:49  Zealot x5  
  81  6:50  Zealot x2  
  95  6:55  Pylon  
  95  6:59  Immortal (Chrono Boost)  
  99  7:07  Pylon  
  97  7:16  Zealot x4  
  97  7:17  Zealot x2  
  108  7:25  Pylon  
  108  7:26  Pylon  
  106  7:45  Zealot x2  
  106  7:46  Zealot x3  
  106  7:48  Zealot  
  88  8:25  Zealot x7  
  100  8:31  Probe  
  100  8:32  Protoss Ground Weapons Level 1 (Chrono Boost), Probe x2  
  103  8:35  Forge  
  103  8:46  Assimilator  
  103  8:47  Probe x2  
  105  8:48  Assimilator  
  99  9:00  Protoss Ground Armor Level 2  
  93  9:04  Zealot  
  93  9:05  Zealot x6  
  93  9:06  Probe x2  
  109  9:13  Templar Archives, Probe  
  110  9:18  Probe  
  110  9:19  Probe  
  110  9:23  Immortal (Chrono Boost)  
  112  9:26  Probe  
  115  9:37  Sentry  
  113  9:40  Zealot  
  113  9:41  Zealot x4  
  101  10:04  Stalker x3  
  93  10:10  Zealot x4  
  81  10:27  Zealot x3  
  75  10:30  Zealot  
  75  10:31  Zealot x3  
  75  10:36  Immortal (Chrono Boost)  
  75  10:48  Zealot x3  
  79  10:55  High Templar  
  79  10:56  High Templar x2  
  79  10:57  High Templar  
  79  11:02  Archon x2  
  81  11:05  Gateway  
  81  11:08  Gateway  
  81  11:09  Zealot x3  
  79  11:13  Immortal (Chrono Boost)  
  69  11:28  Zealot x3  
  69  11:29  Zealot x3  
  75  11:35  Stalker  
Tags
 
Add a new tag
Caveats
  • Supply blocks, unpowered buildings, or Contaminate may cause inaccurate times.
  • Supply counts are checked every 10 seconds.